 Dungeon Crawl Stone Soup version 0.29.1-13-g9f3cf754e1 (webtiles) character file.

Game seed: 2520462099829328867

93 nickcage the Chiller (level 4, -6/24 HPs)
             Began as a Deep Elf Ice Elementalist on Jan 31, 2023.
             Was an Initiate of Vehumet.
             Killed by nerve-wracking pain
             ... invoked by Grinder
              (11 damage)
             ... while paralysed by Grinder
             ... on level 3 of the Dungeon.
             The game lasted 00:12:51 (2265 turns).

nickcage the Chiller (Deep Elf Ice Elementalist)    Turns: 2265, Time: 00:12:52

Health: -6/24      AC:  4    Str:  5    XL:     4   Next: 37%
Magic:  6/12       EV:  2    Int: 22    God:    Vehumet [......]
Gold:   98         SH:  0    Dex: 15    Spells: 1/11 levels left

rFire   + . .      SeeInvis .   l - +0 rapier
rCold   + . .      Faith    .   (no shield)
rNeg    . . .      Spirit   .   a - +0 robe
rPois   +          Reflect  .   (no helmet)
rElec   +          Harm     .   (no cloak)
rCorr   +          Rampage  .   (no gloves)
Will    .....                   g - +1 pair of boots
Stlth   ++........              (no amulet)
HPRegen 0.08/turn               (no ring)
MPRegen 0.13/turn               (no ring)

@: paralysed, resistant
A: no striking features
a: Renounce Religion


You were on level 3 of the Dungeon.
You worshipped Vehumet.
Vehumet was noncommittal.
You visited 1 branch of the dungeon, and saw 3 of its levels.

You collected 98 gold pieces.

Inventory:

Hand Weapons
 h - a +0 long sword
 l - a +0 rapier (weapon)
Missiles
 n - a poisoned dart
Armour
 a - a +0 robe (worn)
 g - a +1 pair of boots (worn)
Wands
 c - a wand of flame (16)
Scrolls
 d - 2 scrolls of vulnerability
 i - a scroll of identify
 j - 2 scrolls of magic mapping {unknown}
Potions
 b - a potion of magic
 e - a potion of lignification {unknown}
 f - 5 potions of curing
 k - a potion of haste {unknown}
 m - a potion of resistance


   Skills:
 - Level 2.4 Dodging
 - Level 2.4 Stealth
 + Level 4.4 Spellcasting
 * Level 0.3 Translocations
 + Level 5.7 Ice Magic


You had one spell level left.
You knew the following spells:

 Your Spells              Type           Power      Damage    Failure   Level
a - Freeze                Ice            100%       1d11      1%          1
b - Frozen Ramparts       Ice            60%        1d10      3%          3
c - Ozocubu's Armour      Ice            30%        N/A       3%          3
d - Gell's Gravitas       Tloc           6%         N/A       28%         3

Your spell library contained the following spells:

 Spells                   Type           Power      Damage    Failure   Level
 Summon Small Mammal      Summ           16%        N/A       11%         1
 Passwall                 Tmut/Erth      3%         N/A       16%         2
 Teleport Other           Tloc           6%         N/A       28%         3
 Call Canine Familiar     Summ           4%         N/A       32%         3
 Mephitic Cloud           Conj/Pois/Air  4%         N/A       32%         3
 Summon Guardian Golem    Hex/Summ       4%         N/A       32%         3
 Hailstorm                Conj/Ice       17%        3d6       32%         4
 Sticky Flame             Conj/Fire      4%         2d3       71%         4
 Lightning Bolt           Conj/Air       2%         1d13      96%         5
 Dispersal                Tloc           3%         N/A       100%        6


Dungeon Overview and Level Annotations

Branches:
Dungeon (3/15)

Altars:
Vehumet

Annotations:
D:3 Grinder


Message History

You hit Grinder but do no damage.
Grinder is moderately wounded.
The frozen ramparts melt away.
Grinder barely misses you.
You hit Grinder but do no damage.
Grinder is moderately wounded.
Grinder closely misses you.
You closely miss Grinder.
Grinder is moderately wounded.
Grinder hits you. Grinder closely misses you.
You closely miss Grinder.
Grinder is lightly wounded.
Grinder says, "I used to sell toenails on the black market."
Grinder barely misses you.
You barely miss Grinder.
Grinder is lightly wounded.
Grinder completely misses you.
You closely miss Grinder.
Grinder is lightly wounded.
Grinder gestures at you. Pain shoots through your body!
* * * LOW HITPOINT WARNING * * *
You hit Grinder.
Grinder is moderately wounded.
Grinder misses you.
You closely miss Grinder.
Grinder is moderately wounded.
Grinder blinks!
Your icy armour will break if you move.
Continue?
Your icy armour cracks and falls away as you move.
Grinder gestures at you.
You barely resist.
You see here a dart slug corpse.
Okay, then.
Grinder gestures at you.
You barely resist. Grinder gestures at you.
You suddenly lose the ability to move!
Grinder gestures at you. Pain shoots through your body!
You die...

#...#.#
#####...####
#............##
..........##..#
..........###.#
..#######.# #.#
. #.# #.# #.#
#.# #.# #@# #.#
#.# #.# #.##
#†.# #.####5##
#.......#
#.###.#.# #5
..#


You could see Grinder.

Vanquished Creatures
  3 gnolls (D:3)
  An adder (D:2)
  A worm (D:2)
  A dart slug (D:3)
  An orc (D:3)
  5 endoplasms
  3 goblins
  4 hobgoblins
  11 jackals (D:3)
  3 kobolds
  A quokka (D:1)
  3 ball pythons (D:1)
  2 bats (D:1)
  3 frilled lizards (D:1)
  5 rats
47 creatures vanquished.

Notes
Turn   | Place    | Note
-------+----------+-------------------------------------------
     0 | D:1      | nickcage the Deep Elf Ice Elementalist began the quest for
                  | the Orb.
     0 | D:1      | Reached XP level 1. HP: 10/10 MP: 6/6
   308 | D:1      | Reached XP level 2. HP: 9/15 MP: 5/8
   483 | D:1      | Reached skill level 5 in Ice Magic
   906 | D:2      | Reached XP level 3. HP: 18/19 MP: 6/10
   910 | D:2      | Learned a level 3 spell: Frozen Ramparts
   914 | D:2      | Learned a level 3 spell: Ozocubu's Armour
  1188 | D:2      | Found a radiant altar of Vehumet.
  1207 | D:2      | Became a worshipper of Vehumet
  1880 | D:3      | Reached XP level 4. HP: 21/24 MP: 0/12
  1882 | D:3      | Noticed Grinder
  1984 | D:3      | Got the Grimoire of Transforming Damage Dealing
  1989 | D:3      | Learned a level 3 spell: Gell's Gravitas
  2053 | D:3      | Found a faded altar of an unknown god.
  2264 | D:3      | Paralysed by Grinder for 5 turns
  2265 | D:3      | Killed from afar by Grinder

Illustrated notes

Levels and vault maps discovered:
D:1:      dpeg_arrival_stone_temple_mockup, layout_basic,
          minmay_misc_feat_columns
D:2:      layout_basic, basic_altar, amethyst_killhole
D:3:      layout_basic, nicolae_overflow_ecumenical_swirl,
          dilly_ecumenical_altar_fadedgnrine, serial_shops, shop, uniq_grinder

Skill      XL: |  1  2  3 |
---------------+----------+-----
Ice Magic      | 5 |  5.7
Spellcasting   | 4 |  4.4
Dodging        | |  2.4
Stealth        | |  2.4
Translocations | |  0.3

Action                   |  1- 3 |  4- 6 || total
-------------------------+-------+-------++-------
Melee: Hand axe          |     4 |       ||     4
       Long sword        |    19 |       ||    19
       Rapier            |       |    13 ||    13
Throw: Dart              |     2 |       ||     2
 Cast: Freeze            |    43 |    12 ||    55
       Ozocubu's Armour  |     2 |     2 ||     4
       Frozen Ramparts   |     2 |     2 ||     4
  Use: Scroll            |       |     5 ||     5
       Potion            |       |     1 ||     1
 Stab: Sleeping          |     7 |       ||     7
Armor: Robe              |    11 |     4 ||    15
Dodge: Dodged            |    27 |    14 ||    41
